 Dungeon Crawl Stone Soup version 0.28-a0-317-g21599a725c (webtiles) character file.

Game seed: 10031316319005534762

44 Breniz the Chopper (level 3, -1/34 HPs)
             Began as a Deep Dwarf Berserker on Sept 1, 2021.
             Was a Follower of Trog.
             Slain by a gnoll (3 damage)
             ... on level 2 of the Dungeon.
             The game lasted 00:09:06 (1102 turns).

Breniz the Chopper (Deep Dwarf Berserker)           Turns: 1102, Time: 00:09:10

Health: -1/34      AC:  2    Str: 27    XL:     3   Next: 39%
Magic:  3/3        EV: 12    Int:  7    God:    Trog [*.....]
Gold:   65         SH:  0    Dex: 12    Spells: 2/2 levels left

rFire   . . .      SeeInvis .   i - +0 halberd
rCold   . . .      Faith    .   (shield currently unavailable)
rNeg    . . .      Spirit   .   d - +0 robe
rPois   .          Reflect  .   (no helmet)
rElec   .          Harm     .   (no cloak)
rCorr   .          Rampage  .   (no gloves)
Will    .....                   (no boots)
Stlth   +.........              (no amulet)
HPRegen 0.00/turn               g - +6 ring of strength
MPRegen 0.08/turn               (no ring)

@: on berserk cooldown, slowed, very slow
A: damage resistance, heal wounds, sense surroundings 1, no regeneration
a: Heal Wounds, Renounce Religion, Berserk


You were on level 2 of the Dungeon.
You worshipped Trog.
Trog was aware of your devotion.
You visited 1 branch of the dungeon, and saw 2 of its levels.

You collected 65 gold pieces.

Inventory:

Hand Weapons
 a - a +0 hand axe
 c - a +0 dagger
 f - a +0 club
 i - a +0 halberd (weapon)
Armour
 b - a +0 animal skin
 d - a +0 robe (worn)
 e - a +0 robe
Jewellery
 g - a +6 ring of strength (left hand)
Scrolls
 h - a scroll of teleportation


   Skills:
 + Level 3.1 Fighting
 + Level 4.2 Axes
 + Level 2.2 Armour
 + Level 2.6 Dodging


You had 2 spell levels left.
You didn't know any spells.
Your spell library was empty.

Dungeon Overview and Level Annotations

Branches:
Dungeon (2/15)

Altars:


Innate Abilities, Weirdness & Mutations

You are resistant to damage.
You can heal yourself by infusing magical energy.
You passively map a small area around you.
You do not regenerate.


Message History

Trog accepts your kill.
You hear an angry hiss.
A gnoll comes into view. It is wielding a +0 whip.
You see here a dart slug corpse.
You feel a strong urge to attack something.
The gnoll shouts!
You are no longer berserk.
You are exhausted.
You feel yourself slow down.
A frilled lizard comes into view.
The gnoll hits you from afar with a +0 spear!
You see here a dart slug corpse.
You see here a +0 club.
Things that are here:
a +0 halberd; a gnoll corpse Non-targeted abil: Heal Wounds
Press: ? - help, Q - select action Dir - look around, f - activate
Okay, then.
Non-targeted abil: Heal Wounds
Press: ? - help, Q - select action Dir - look around, f - activate
Okay, then.
i - a +0 halberd The gnoll hits you from afar with a +0 spear.
Okay, then.
i - a +0 halberd (weapon)
You hit the gnoll.
The gnoll is moderately wounded.
The gnoll hits you with a +0 whip.
The gnoll hits you from afar with a +0 spear.
The gnoll barely misses you. The gnoll misses you.
The gnoll hits you with a +0 whip!
* * * LOW HITPOINT WARNING * * *
You closely miss the gnoll.
The gnoll is moderately wounded.
The gnoll hits you from afar with a +0 spear!
* * * LOW HITPOINT WARNING * * *
The gnoll completely misses you.
The gnoll hits you from afar with a +0 spear.
The gnoll hits you with a +0 whip.
You die...

#.# ##.#####.#
** *
######.........
, *
..........###..,
.....#...## *
####.##.######.
* * *
...............
, *
####.##.######.#
* ####
#@.......#
.....##g########
#......lg#
#.#####..#* *
#..# , *#..# ,
....♣ , *, *, *
*##..♣♣≈ * ,
...# * *


You could see 2 gnolls and a frilled lizard.

Vanquished Creatures
  2 gnolls (D:2)
  2 dart slugs
  An endoplasm (D:1)
  2 giant cockroaches (D:1)
  2 goblins (D:1)
  A hobgoblin (D:1)
  3 quokkas (D:1)
  5 ball pythons
  A rat (D:1)
19 creatures vanquished.

Vanquished Creatures (others)
  11 plants (D:1)
11 creatures vanquished.

Grand Total: 30 creatures vanquished

Notes
Turn   | Place    | Note
-------+----------+-------------------------------------------
     0 | D:1      | Breniz the Deep Dwarf Berserker began the quest for the
                  | Orb.
     0 | D:1      | Reached XP level 1. HP: 20/20 MP: 1/1
   394 | D:1      | Reached XP level 2. HP: 24/27 MP: 2/2
  1089 | D:2      | Reached skill level 4 in Axes
  1089 | D:2      | Reached XP level 3. HP: 34/34 MP: 3/3
  1102 | D:2      | Slain by a gnoll

Illustrated notes

Levels and vault maps discovered:
D:1:      roderic_crop_circles_arrival_large, layout_basic
D:2:      layout_loops_corners, serial_shops, shop, serial_bayou_crossing,
          uniq_natasha

Skill      XL: |  1  2 |
---------------+-------+-----
Fighting       | 3 |  3.1
Axes           | 4 |  4.2
Armour         | |  2.2
Dodging        | |  2.6

Action                   || total
-------------------------++-------
Melee: Hand axe          ||    54
       Halberd           ||     2
Invok: Berserk           ||     2
 Abil: Heal Wounds       ||     2
  Use: Scroll            ||     5
       Potion            ||     2
Armor: Robe              ||    11
Dodge: Dodged            ||    34

Table legend: (Time is in decaauts)
 A = Elapsed time spent in this place.
 B = Non-inter-level travel time spent in this place.
 C = Inter-level travel time spent in this place.
 D = Time resting spent in this place.
 E = Time spent auto-exploring this place.
 F = Levels seen in this place.
 G = Mean time per level.
                   A        B        C        D        E       F      G
               +--------+--------+--------+--------+--------+-----+--------+
         Total |   1115 |    752 |    363 |     39 |      0 |   2 |  557.5 |
       Dungeon |   1115 |    752 |    363 |     39 |      0 |   2 |  557.5 |
               +--------+--------+--------+--------+--------+-----+--------+

Top non-repeatable levels by time:
     D:1: 1064 daAuts
     D:2: 51 daAuts
